 Dungeon Crawl Stone Soup version 0.31.0-2-g5a2aebc5c2 (webtiles) character file.

Game seed: 8424212702097483775

292196 Shen the Hoplite (level 19, -13/187 HPs)
             Began as a Minotaur Fighter on Jan 21, 2024.
             Was a High Priest of Zin.
             Succumbed to a formless jellyfish's poison
             ... on level 3 of the Pits of Slime.
             The game lasted 02:02:58 (38966 turns).

Shen the Hoplite (Minotaur Fighter)                Turns: 38966, Time: 02:02:59

Health: -13/187    AC: 32    Str: 28    XL:     19   Next: 98%
Magic:  36/36      EV:  4    Int:  5    God:    Zin [*****.]
Gold:   332        SH:  0    Dex: 11    Spells: 18/18 levels left

rFire   . . .        G - +9 broad axe (holy)
rCold   . . .        Z - +11 tower shield of the Imp {MP+9}
rNeg    . . .        g - +5 plate armour
rPois   .            V - +2 hat
rElec   .            R - +1 cloak
rCorr   .            c - +1 pair of gloves
SInv    .            A - +0 pair of boots
Will    +....        (no amulet) Stlth
                     N - +4 ring of slaying
HPRegen 0.51/turn    X - +4 ring of protection
MPRegen 0.25/turn

%: no passive effects
@: confused, lethally poisoned (-13 -> -105), ambrosia-drunk, constricted,
studying 3 skills
A: horns 2, retaliatory headbutt
}: 2/15 runes: decaying, serpentine
a: Renounce Religion, Recite, Vitalisation, Imprison, Sanctuary, Donate Gold


You were on level 3 of the Pits of Slime.
You worshipped Zin.
Zin was extremely pleased with you.
You visited 8 branches of the dungeon, and saw 36 of its levels.
You also visited: Ossuary.

You collected 2983 gold pieces.
You spent 247 gold pieces at shops.
You donated 2404 gold pieces to Zin.

Inventory:

Hand Weapons
 t - a +5 morningstar of freezing
 G - a +9 broad axe of holy wrath (weapon)
Missiles
 h - 311 stones
 m - 65 poisoned darts
 n - 9 javelins (quivered)
 o - 10 atropa-tipped darts
 v - 21 boomerangs
Armour
 c - a +1 pair of gloves (worn)
 g - a +5 plate armour (worn)
 A - a +0 pair of boots (worn)
 R - a +1 cloak (worn)
 U - a +2 kite shield of reflection
 V - a +2 hat (worn)
 Z - the +11 tower shield of the Imp (worn) {MP+9}
   (You acquired it on level 1 of the Snake Pit)

   MP+9:      It affects your magic capacity (+9).
Jewellery
 a - a ring of willpower
 j - a ring of protection from cold
 u - a ring of resist corrosion
 y - a ring of poison resistance
 J - a +5 ring of evasion
 N - a +4 ring of slaying (left hand)
 W - a ring of see invisible
 X - a +4 ring of protection (right hand)
Wands
 i - a wand of acid (5)
 q - a wand of polymorph (16)
 s - a wand of flame (35)
 z - a wand of roots (21)
 D - a wand of mindburst (35)
 H - a wand of digging (6)
 Q - a wand of charming (9)
Scrolls
 b - 9 scrolls of identify
 d - 6 scrolls of fear
 f - 2 scrolls of summoning
 k - 7 scrolls of teleportation
 B - 4 scrolls of revelation
 F - 4 scrolls of immolation
 L - a scroll of silence
 M - 2 scrolls of fog
 O - a scroll of amnesia
 Y - 3 scrolls of poison
Potions
 e - 5 potions of attraction
 l - 5 potions of haste
 p - 2 potions of invisibility
 r - 5 potions of mutation
 w - a potion of ambrosia
 x - 4 potions of enlightenment
 C - 2 potions of cancellation
 E - 4 potions of resistance
 P - 2 potions of brilliance
 S - a potion of lignification


   Skills:
 - Level 20.7 Fighting
 - Level 21.2 Axes
 - Level 4.8 Throwing
 - Level 11.3 Armour
 + Level 25.1 Shields
 - Level 12.3 Invocations


You had 18 spell levels left.
You didn't know any spells.
Your spell library contained the following spells:

 Spells                   Type           Power      Damage    Failure   Level
 Apportation              Tloc           0%         N/A       99%         1
 Foxfire                  Conj/Fire      0%         2x1d4     99%         1
 Kiss of Death            Conj/Necr      0%         2d5       99%         1
 Necrotise                Necr           0%         1d4       99%         1
 Shock                    Conj/Air       0%         1d3       99%         1
 Sting                    Conj/Alch      0%         1d3       99%         1
 Summon Small Mammal      Summ           0%         N/A       99%         1
 Cigotuvi's Dreadful Rot  Necr/Alch/Air  0%         N/A       100%        2
 Lesser Beckoning         Tloc           0%         N/A       100%        2
 Static Discharge         Conj/Air       0%         3-3/arc   100%        2
 Confusing Touch          Hex            0%         N/A       100%        3
 Frozen Ramparts          Ice            0%         1d1       100%        3
 Gell's Gravitas          Tloc           0%         N/A       100%        3
 Inner Flame              Hex/Fire       0%         N/A       100%        3
 Summon Ice Beast         Ice/Summ       0%         N/A       100%        3
 Swiftness                Air            0%         N/A       100%        3
 Teleport Other           Tloc           0%         N/A       100%        3
 Airstrike                Air            0%         2d(0-16)  100%        4
 Animate Armour           Summ/Erth      0%         N/A       100%        4
 Dispel Undead            Necr           0%         3d6       100%        4
 Flame Wave               Conj/Fire      0%         2d4       100%        4
 Ignite Poison            Fire/Alch      0%         N/A       100%        4
 Leda's Liquefaction      Alch/Erth      0%         N/A       100%        4
 Petrify                  Alch/Erth      0%         N/A       100%        4
 Sticky Flame             Fire/Alch      0%         2d4       100%        4
 Summon Lightning Spire   Summ/Air       0%         N/A       100%        4
 Alistair's Intoxication  Alch           0%         N/A       100%        5
 Borgnjor's Vile Clutch   Necr/Erth      0%         N/A       100%        5
 Freezing Cloud           Conj/Ice/Air   0%         6-21      100%        5
 Lee's Rapid Deconstruct  Erth           0%         3d4*      100%        5
 Metabolic Englaciation   Hex/Ice        0%         N/A       100%        5
 Summon Mana Viper        Hex/Summ       0%         N/A       100%        5
 Dispersal                Tloc           0%         N/A       100%        6
 Eringya's Noxious Bog    Alch           0%         4d6       100%        6
 Plasma Beam              Fire/Air       0%         2x1d10    100%        6
 Starburst                Conj/Fire      0%         6d3       100%        6
 Monstrous Menagerie      Summ           0%         N/A       100%        7


Dungeon Overview and Level Annotations

Branches:
Dungeon (15/15)            Temple (1/1) D:5            Lair (5/5) D:10
  Swamp (4/4) Lair:2        Snake (4/4) Lair:3        Slime (3/5) Lair:4
    Orc (2/2) D:11            Elf (0/3) Orc:2        Vaults (2/5) D:13
 Depths (0/4) D:15        Ossuary (visited)
  Crypt: Vaults:2-3

Altars:
Ashenzari
Cheibriados
Dithmenos
Elyvilon
Fedhas
Gozag
Hepliaklqana
Kikubaaqudgha
Makhleb
Nemelex Xobeh
Okawaru
Qazlal
Ru
Sif Muna
Trog
Uskayaw
Vehumet
Wu Jian
Xom
Yredelemnul
Zin
The Shining One
Jiyva

Shops:
D:8 *   Orc:2 ([*=

Portals:
Trove: D:11 (give 12 scrolls of teleportation)

Annotations:
D:11 treasure_trove: 12 tele scrolls


Innate Abilities, Weirdness & Mutations

You have a pair of horns on your head.
You reflexively headbutt those who attack you in melee.


Message History

You are too confused!
Okay, then.
You slice the formless jellyfish!! You headbutt the formless jellyfish!
The formless jellyfish is severely wounded.
You slice the formless jellyfish!! You slash the formless jellyfish!
You hit the large slime creature. You slash the slime creature!
* * * LOW HITPOINT WARNING * * *
You feel extremely sick. The golden eye blinks at you.
You resist with almost no effort. The formless jellyfish stings you!
* * * LOW HITPOINT WARNING * * *
You suddenly lose the ability to move!
You are more poisoned.
The formless jellyfish poisons you!
The slime creature hits you but does no damage.
The formless jellyfish stings you but does no damage. x2
The formless jellyfish constricts you.
* * * LOW HITPOINT WARNING * * *
You feel extremely sick. The golden eye blinks at you.
You resist with almost no effort.
The formless jellyfish stings you but does no damage.
The large slime creature hits you but does no damage.
The formless jellyfish stings you.
* * * LOW HITPOINT WARNING * * *
You shrug off the repeated paralysis!
You are more poisoned.
The formless jellyfish poisons you! The formless jellyfish constricts you.
* * * LOW HITPOINT WARNING * * *
The slime creature hits you!
* * * LOW HITPOINT WARNING * * *
The formless jellyfish stings you! Zin protects you from harm!
You shrug off the repeated paralysis!
You are more poisoned.
The formless jellyfish poisons you!
You can move again.
You are more confused.
You feel more invigorated.
You die...

. ##.##
.#........#..###...#
............. #....## ##
.............###....##.#
...........##.##........
...G...........#.......#
.#...................<..
#.....JJ...............#
.....>J@....<.....##.###
......JJ..........####
...........#.......##
..........#.........#
#...................#
#.........#....#....#
#..........#..#.......
...##.#........#.#...#.
... ####......#.....## #


You could see 3 formless jellyfish, a large slime creature, a slime creature and
a golden eye.

Vanquished Creatures
  Nikola (Swamp:2)
  Jorgrun (D:15)
  Rupert (Lair:3)
  A quicksilver dragon (Snake:4)
  An acid blob (Slime:1)
  3 thorn hunters
  Aizul (Vaults:1)
  2 nagarajas (Snake:4)
  2 rockslimes (Slime:2)
  3 vault wardens (Vaults:1)
  Louise (D:15)
  2 quicksilver oozes (Slime:1)
  3 ironbound preservers (Vaults:1)
  3 ironbound thunderhulks (Vaults:1)
  A stone giant (D:15)
  3 formless jellyfish (Slime:1)
  2 bunyips (Swamp:2)
  3 eleionomae
  A dire elephant (Vaults:1)
  2 eidola (Vaults:1)
  Snorg (D:10)
  An ettin (Vaults:1)
  A shambling mangrove (Swamp:2)
  3 yaktaur captains (Vaults:1)
  3 great orbs of eyes (Vaults:1)
  3 salamander tyrants
  A rakshasa (D:15)
  The ghost of Xuta the Peltast, a journeyman FoFi of Okawaru (D:13)
  13 hydras
  5 ogre magi
  12 alligators
  A catoblepas (Lair:5)
  13 vault guards
  5 ghost crabs
  5 ironbound frosthearts (Vaults:1)
  3 boulder beetles
  13 centaur warriors
  14 death yaks
  6 anacondas
  21 two-headed ogres
  Erica (D:10)
  A deep troll shaman (Lair:5)
  2 tengu warriors (D:15)
  5 naga sharpshooters
  A deep troll earth mage (D:13)
  13 naga warriors
  An orc high priest (Orc:1)
  11 shock serpents
  A hell knight (D:15)
  Urug (Lair:1)
  2 skysharks
  4 skeletal warriors (D:15)
  The ghost of angrytalen3 the Mimic, a novice MiGl (D:7)
  A salamander mystic (Snake:4)
  7 goliath frogs
  14 swamp dragons
  10 deep trolls (Vaults:1)
  5 naga ritualists
  An arcanist (Vaults:1)
  3 spriggan druids
  8 lindwurms
  4 bog bodies
  6 mana vipers
  7 ironbound convokers (Vaults:1)
  4 necromancers
  18 ugly things
  An orc knight (Orc:1)
  4 orc sorcerers (Orc:1)
  8 will-o-the-wisps
  2 manticores
  An oklob plant (Lair:1)
  4 shining eyes
  23 elephants
  12 salamanders
  3 meliai (D:15)
  10 cyclopes
  2 torpor snails
  30 black mambas
  13 naga magi
  9 vault sentinels (Vaults:1)
  6 guardian serpents
  10 cane toads
  A gargoyle (D:14)
  3 eyes of devastation
  5 rime drakes
  10 komodo dragons
  A rime drake (shapeshifter) (D:13)
  An unseen horror zombie (D:7)
  A yaktaur (Vaults:1)
  A tengu conjurer (D:14)
  An efreet (D:14)
  A queen bee (D:10)
  5 trolls
  13 tyrant leeches
  2 polar bears (Lair:4)
  7 hornets
  9 dream sheep
  A centaur simulacrum (D:14)
  Sigmund (D:5)
  5 shadows
  70 slime creatures
  30 yaks
  3 wraiths
  7 wyverns
  4 spriggans
  2 vampires
  3 wargs
  4 basilisks
  A water elemental (D:14)
  A golden eye (Slime:3)
  Eustachio (D:4)
  A steam dragon (D:6)
  7 vampire mosquitoes
  37 nagas
  11 swamp worms
  An acid dragon (D:12)
  14 water moccasins
  11 orc warriors
  9 swamp drakes
  2 ice beasts
  28 ogres
  3 black bears
  3 boggarts (D:15)
  9 centaurs
  4 laughing skulls (D:14)
  20 wolves
  4 kobold brigands
  Blork the orc (D:4)
  9 bullfrogs
  6 water moccasin zombies
  5 scorpions
  A burial acolyte (Ossuary)
  6 wights
  34 killer bees
  4 howler monkeys (D:10)
  A lava snake (D:14)
  4 bombardier beetles
  A jelly (D:7)
  A gnoll bouda (D:3)
  13 orc priests
  A spectral scorpion (Ossuary)
  Crazy Yiuf (D:3)
  3 hounds
  4 iguanas
  17 orc wizards
  A crocodile zombie (Ossuary)
  3 mummies
  4 gnolls (D:3)
  11 adders
  2 shadow imps
  3 ufetubi
  3 adder zombies (Ossuary)
  A ribbon worm (D:4)
  75 orcs
  3 ball pythons
  4 endoplasms
  4 giant cockroaches
  5 gnoll zombies (Ossuary)
  4 goblins
  8 hobgoblins
  4 jackals (D:1)
  3 quokkas
  2 bats
  4 frilled lizards
  3 jackal zombies (Ossuary)
  19 kobolds
  6 orc zombies
  6 rats
1080 creatures vanquished.

Vanquished Creatures (collateral kills)
  3 nagas (Snake:3)
  A wolf (Lair:3)
4 creatures vanquished.

Vanquished Creatures (others)
  A salamander (Snake:2)
  An ufetubus (D:6)
  2 orcs (D:6)
  28 foxfires
32 creatures vanquished.

Grand Total: 1116 creatures vanquished

Notes
Turn   | Place    | Note
-------+----------+-------------------------------------------
     0 | D:1      | Shen the Minotaur Fighter began the quest for the Orb.
     0 | D:1      | Reached XP level 1. HP: 19/19 MP: 0/0
   193 | D:1      | Reached XP level 2. HP: 27/27 MP: 1/1
   792 | D:2      | Reached XP level 3. HP: 33/33 MP: 2/2
  1136 | D:3      | Identified the +5 war axe "Gaixada" {spect, Dex+3}
  1180 | D:3      | Reached XP level 4. HP: 37/41 MP: 3/3
  1182 | D:3      | Reached skill level 5 in Axes
  1280 | D:3      | Found a runed translucent door.
  1281 | D:3      | Noticed Crazy Yiuf
  1303 | D:3      | Reached skill level 5 in Fighting
  1303 | D:3      | Reached XP level 5. HP: 48/48 MP: 4/4
  1685 | D:3      | Killed Crazy Yiuf
  1763 | D:4      | Reached XP level 6. HP: 53/56 MP: 5/5
  1895 | D:4      | Noticed Blork the orc
  1900 | D:4      | Killed Blork the orc
  1955 | D:4      | Noticed Eustachio
  1959 | D:4      | Killed Eustachio
  1960 | D:4      | Reached XP level 7. HP: 57/64 MP: 6/6
  2123 | D:4      | Found a sacrificial altar of Ru.
  2452 | D:5      | Entered Level 5 of the Dungeon
  2522 | D:5      | Reached XP level 8. HP: 65/73 MP: 7/7
  2579 | D:5      | Noticed Sigmund
  2602 | D:5      | Killed Sigmund
  2704 | D:5      | Found a staircase to the Ecumenical Temple.
  2719 | D:5      | Reached skill level 10 in Axes
  3013 | D:5      | Found a sand-covered staircase.
  3018 | Ossuary  | Entered an ossuary
  3209 | Ossuary  | Reached skill level 10 in Fighting
  3209 | Ossuary  | Reached skill level 7 in Shields
  3209 | Ossuary  | Reached XP level 9. HP: 46/86 MP: 8/8
  3210 | Ossuary  | Reached skill level 15 in Axes
  3210 | Ossuary  | Reached skill level 8 in Shields
  3210 | Ossuary  | Reached XP level 10. HP: 52/96 MP: 9/9
  3715 | D:6      | Found a snail-covered altar of Cheibriados.
  3891 | D:6      | Found a shadowy altar of Dithmenos.
  3930 | D:6      | Reached XP level 11. HP: 98/104 MP: 10/10
  3976 | D:6      | Found a broken altar of Ashenzari.
  4057 | Temple   | Entered the Ecumenical Temple
  4089 | Temple   | Became a worshipper of the Shining One
  4569 | D:7      | Found a runed translucent gate.
  4569 | D:7      | Found a runed translucent gate.
  4569 | D:7      | Found a runed translucent gate.
  4569 | D:7      | Noticed angrytalen3's ghost (novice MiGl)
  4571 | D:7      | Found a basalt altar of Yredelemnul.
  4593 | D:7      | Killed angrytalen3's ghost
  4896 | D:7      | Reached * piety under the Shining One
  5275 | D:8      | Found an iron altar of Okawaru.
  5350 | D:8      | Found Niegeol's General Store.
  5761 | D:9      | Noticed a boulder beetle
  5775 | D:9      | Killed a boulder beetle
  6134 | D:9      | Noticed a two-headed ogre
  6141 | D:9      | Killed a two-headed ogre
  6577 | D:10     | Entered Level 10 of the Dungeon
  7144 | D:10     | Reached ** piety under the Shining One
  7493 | D:10     | Noticed Snorg
  7505 | D:10     | Noticed Erica
  7514 | D:10     | Killed Snorg
  7515 | D:10     | Reached XP level 12. HP: 53/115 MP: 11/11
  7519 | D:10     | Killed Erica
  7788 | D:10     | Found a staircase to the Lair.
  7822 | D:10     | Found a hide-covered altar of Uskayaw.
  7822 | D:10     | Found a shimmering altar of Xom.
  7825 | D:10     | Found an opulent altar of Gozag.
  8095 | D:11     | Found a staircase to the Orcish Mines.
  8193 | D:11     | Found a portal to a secret trove of treasure.
  8912 | Lair:1   | Entered Level 1 of the Lair of Beasts
  8912 | Lair:1   | Noticed Urug
  8923 | Lair:1   | Killed Urug
  9845 | Lair:1   | Found a blossoming altar of Fedhas.
 10146 | Lair:1   | Identified a scroll of acquirement
 10146 | Lair:1   | Acquired a manual of Armour
 10361 | Lair:2   | Noticed a six-headed hydra
 10369 | Lair:2   | Killed a six-headed hydra
 10457 | Lair:2   | Acquired a manual of Maces & Flails
 11020 | Lair:2   | Found a staircase to the Swamp.
 11165 | Lair:2   | Reached *** piety under the Shining One
 11473 | Lair:3   | Reached XP level 13. HP: 121/125 MP: 12/12
 11479 | Lair:3   | Reached skill level 9 in Shields
 11603 | Lair:3   | Found a staircase to the Snake Pit.
 11673 | Lair:3   | Reached skill level 1 in Invocations
 11782 | Lair:3   | Noticed Rupert
 11798 | Lair:3   | Reached skill level 10 in Armour
 11815 | Lair:3   | Killed Rupert
 12200 | Lair:3   | Reached skill level 15 in Fighting
 12201 | Lair:3   | Reached skill level 10 in Shields
 12685 | Lair:4   | Found a staircase to the Slime Pits.
 12685 | Lair:4   | Found a viscous altar of Jiyva.
 13059 | Lair:4   | Reached skill level 11 in Shields
 13905 | Lair:5   | Entered Level 5 of the Lair of Beasts
 14115 | Lair:5   | Reached XP level 14. HP: 137/137 MP: 15/15
 14118 | Lair:5   | Reached **** piety under the Shining One
 14139 | Lair:5   | Reached skill level 12 in Shields
 14393 | Lair:5   | Reached skill level 5 in Invocations
 15138 | Lair:5   | Reached skill level 13 in Shields
 16327 | Orc:1    | Entered Level 1 of the Orcish Mines
 16434 | Orc:2    | Entered Level 2 of the Orcish Mines
 16434 | Orc:2    | Found a staircase to the Elven Halls.
 16510 | Orc:2    | Reached ***** piety under the Shining One
 16591 | Orc:2    | Reached skill level 14 in Shields
 16591 | Orc:2    | Reached XP level 15. HP: 97/148 MP: 19/19
 16591 | Orc:2    | Found Udiagh's Weapon Shoppe.
 16591 | Orc:2    | Found Usmot's General Store.
 16606 | Orc:2    | Found Cuorghe's Jewellery Emporium.
 16606 | Orc:2    | Found Vuva's Antique Armour Boutique.
 16991 | Orc:2    | Bought a scroll of enchant weapon for 75 gold pieces
 18619 | D:13     | Found a runed translucent gate.
 18620 | D:13     | Found a runed translucent gate.
 18620 | D:13     | Found a runed translucent gate.
 18621 | D:13     | Found an opulent altar of Gozag.
 18621 | D:13     | Noticed Xuta's ghost (journeyman FoFi)
 18640 | D:13     | Paralysed by an ogre mage for 5 turns
 18650 | D:13     | Paralysed by an ogre mage for 4 turns
 18663 | D:13     | Killed Xuta's ghost
 18857 | D:13     | Reached skill level 15 in Shields
 18949 | D:13     | Found a gate to the Vaults.
 19812 | D:14     | Reached ****** piety under the Shining One
 19813 | D:14     | Identified a +8 broad axe of holy wrath (a +6 broad axe of
                  | protection blessed by the Shining One)
 19813 | D:14     | Received a gift from the Shining One
 20553 | D:15     | Entered Level 15 of the Dungeon
 20618 | D:15     | Reached skill level 10 in Invocations
 20685 | D:15     | Noticed Jorgrun
 20695 | D:15     | Killed Jorgrun
 20809 | D:15     | Reached XP level 16. HP: 148/160 MP: 22/22
 20983 | D:15     | Noticed Louise
 20993 | D:15     | Killed Louise
 21073 | D:15     | Reached skill level 16 in Shields
 21666 | D:15     | Found a staircase to the Depths.
 22159 | Swamp:1  | Entered Level 1 of the Swamp
 22378 | Swamp:1  | Acquired a manual of Armour
 23390 | Swamp:2  | Noticed a thorn hunter
 23403 | Swamp:2  | Killed a thorn hunter
 24067 | Swamp:2  | Noticed Nikola
 24081 | Swamp:2  | Killed Nikola
 24592 | Swamp:2  | Reached skill level 17 in Shields
 24982 | Swamp:3  | Reached XP level 17. HP: 170/170 MP: 24/24
 25982 | Swamp:4  | Entered Level 4 of the Swamp
 26046 | Swamp:4  | Reached XP level 18. HP: 147/179 MP: 25/25
 26183 | Swamp:4  | HP: 8/180 [lindwurm/blast of flame (41)]
 26632 | Swamp:4  | Got a decaying rune of Zot
 27850 | Orc:2    | Bought a runed cloak for 172 gold pieces
 29334 | Snake:1  | Entered Level 1 of the Snake Pit
 29403 | Snake:1  | Acquired the +11 tower shield of the Imp {MP+9}
 29525 | Snake:1  | Reached skill level 18 in Shields
 30226 | Snake:1  | Found a basalt altar of Yredelemnul.
 31029 | Snake:2  | Reached skill level 19 in Shields
 32317 | Snake:3  | Reached skill level 20 in Shields
 33232 | Snake:4  | Entered Level 4 of the Snake Pit
 33339 | Snake:4  | Reached skill level 21 in Shields
 33358 | Snake:4  | Reached XP level 19. HP: 148/187 MP: 27/27
 33860 | Snake:4  | Got a serpentine rune of Zot
 34191 | Vaults:1 | Entered Level 1 of the Vaults
 34281 | Vaults:1 | Reached skill level 22 in Shields
 34638 | Vaults:1 | Identified the serpent talisman "Bexku" {rN+ Int+5}
 34638 | Vaults:1 | Noticed Aizul
 34653 | Vaults:1 | Killed Aizul
 35085 | Vaults:1 | Reached skill level 23 in Shields
 35684 | Vaults:1 | Identified the +1 leather armour of Honour {Will+ Dex+5}
 35892 | Vaults:1 | Acquired a manual of Invocations
 36118 | Vaults:1 | Reached skill level 24 in Shields
 36777 | Slime:1  | Entered Level 1 of the Pits of Slime
 36868 | Slime:1  | Paralysed by a formless jellyfish for 1 turns
 36878 | Slime:1  | Paralysed by a formless jellyfish for 1 turns
 37276 | Slime:1  | Gained mutation: You are vulnerable to heat. (rF-) [a
                  | shining eye]
 37278 | Slime:1  | Gained mutation: You occasionally shout uncontrollably at
                  | your foes. [a shining eye]
 37281 | Slime:1  | Gained mutation: You occasionally lose the ability to read
                  | scrolls when taking damage. [a shining eye]
 37283 | Slime:1  | Gained mutation: Armour fits poorly on your strangely
                  | shaped body. [a shining eye]
 37286 | Slime:1  | Gained mutation: You sometimes lose your temper in combat.
                  | [a shining eye]
 38232 | Temple   | Fell from the grace of the Shining One
 38232 | Temple   | Became a worshipper of Zin the Law-Giver
 38232 | Temple   | Reached * piety under Zin
 38232 | Temple   | Reached ** piety under Zin
 38232 | Temple   | Reached *** piety under Zin
 38232 | Temple   | Reached **** piety under Zin
 38232 | Temple   | Reached ***** piety under Zin
 38234 | Temple   | Donated 1335 gold pieces to Zin
 38235 | Temple   | Donated 668 gold pieces to Zin
 38236 | Temple   | Donated 334 gold pieces to Zin
 38513 | Slime:1  | Reached ****** piety under Zin
 38514 | Slime:1  | Lost mutation: You occasionally shout uncontrollably at
                  | your foes. [potion of mutation]
 38514 | Slime:1  | Lost mutation: Armour fits poorly on your strangely shaped
                  | body. [potion of mutation]
 38515 | Slime:1  | Lost mutation: You occasionally lose the ability to read
                  | scrolls when taking damage. [potion of mutation]
 38515 | Slime:1  | Lost mutation: You are vulnerable to heat. (rF-) [potion of
                  | mutation]
 38515 | Slime:1  | Lost mutation: You sometimes lose your temper in combat.
                  | [potion of mutation]
 38905 | Slime:3  | Reached skill level 25 in Shields
 38941 | Slime:3  | Paralysed by a formless jellyfish for 1 turns
 38944 | Slime:3  | Paralysed by a formless jellyfish for 1 turns
 38961 | Slime:3  | Paralysed by a formless jellyfish for 1 turns
 38964 | Slime:3  | Paralysed by a formless jellyfish for 1 turns
 38965 | Slime:3  | HP: 3/187 [slime creature (8)]
 38965 | Slime:3  | Zin protects you from harm!
 38966 | Slime:3  | Succumbed to a formless jellyfish's poison

Illustrated notes

Levels and vault maps discovered:
D:1:      minmay_arrival_stone_box, layout_basic
D:2:      layout_rooms
D:3:      layout_basic, uniq_crazy_yiuf_cottage
D:4:      layout_loops_ring, kennysheep_mini_moat, uniq_eustachio,
          uniq_blork_the_orc
D:5:      layout_basic, temple_doors_e, nicolae_ossuary_entry_giza, uniq_sigmund
D:6:      layout_rooms, mainiacjoe_overflow_small_starburst,
          mainiacjoe_overflow_large_starburst
D:7:      layout_cave_pools, nicolae_yredelemnul_ghost_church
D:8:      layout_gridville, okawaru_metal_pillars_1_2, serial_shops,
          nicolae_shop_back_alley_shop
D:9:      layout_irregular_city, minivault_10
D:10:     layout_long_grid, nicolae_overflow_hidden_temple, david_lair_shrubbed,
          special_room [special_room_bee], uniq_erica, uniq_snorg
D:11:     layout_roguey, david_orc_3, enter_trove_3, roderic_serpentine_path
D:12:     layout_roguey
D:13:     layout_loops_ring, erik_vaults_2, ebering_ghost_gozag
D:14:     layout_loops_ring, dk_noncrumbling_3, nicolae_lava_and_water
D:15:     hangedman_depths_entry_civil_slaughter, layout_loops_corners,
          nicolae_figureground_pulse, minmay_misc_feat_roman, uniq_jorgrun,
          uniq_louise
Temple:   compressed_dpeg_triangle_lava_temple
Lair:1:   layout_cave_pods, tgw_fedhas, grunt_megastairs_2, uniq_urug
Lair:2:   layout_layer_cave, minmay_swamp_entry_worms
Lair:3:   layout_big_grid, alex1729_snake_entry_snake, uniq_rupert
Lair:4:   layout_regular_city, slime_entry_1
Lair:5:   grunt_lair_end_beastmaster, layout_long_grid, grunt_megastairs_5
Swamp:1:  layout_basic_swamp, nicolae_swamp_ascending_descending, swamp_pool_3,
          nzn_swamp_dancing_lights, infiniplex_staircase_pool
Swamp:2:  layout_basic_swamp, nicolae_swamp_stair_fork, swamp_pool_1_2,
          infiniplex_staircase_pool_2, uniq_nikola
Swamp:3:  layout_basic_swamp, nicolae_swamp_dense_foliage,
          nicolae_swamp_decorative_isthmus
Swamp:4:  swamp_alternative, layout_basic_swamp, swamp_pool_3
Snake:1:  layout_cave_pods, basic_altar
Snake:2:  layout_layer_cave, lemuel_fruit_tree
Snake:3:  layout_layer_cave
Snake:4:  hellmonk_snake_rune_quicksilver_temple, layout_misc_corridors,
          serial_bayou_pond_d
Slime:1:  layout_caves, nicolae_slime_phagocytosis
Slime:2:  layout_caves, cheibrodos_slime_lost_civilization_5
Slime:3:  layout_caves
Orc:1:    layout_caves
Orc:2:    st_orc_ogre_mass, layout_diamond_mine
Vaults:1: infiniplex_enter_wizlab_glasses, v_misc_31,
          hangedman_vaults_corner_blocks, hangedman_vaults_nails,
          nicolae_vaults_stand_back, nicolae_vaults_network_quincunx
          [nicolae_vaults_network_quincunx_subvault,
          nicolae_vaults_network_quincunx_subvault,
          nicolae_vaults_network_quincunx_subvault,
          nicolae_vaults_network_quincunx_subvault,
          nicolae_vaults_network_quincunx_subvault], v_misc_13,
          dpeg_vaults_monster_box, nicolae_vaults_trapezoid_2,
          nicolae_vaults_sightless_eye, v_alt_pattern_3, layout_vaults_omnibox,
          uniq_aizul
Vaults:2: nicolae_vaults_diagonal_hallway_8, vaults_dpeg_diagonal,
          vaults_room_fancy_cross, v_pattern_1, nicolae_vaults_wine_cellar,
          minmay_crypt_entry_nasty_monster, nicolae_vaults_house_1,
          cheibrodos_frozen_isle, ontoclasm_vaults_twist, v_misc_23,
          nicolae_vaults_stepped_doors, grunt_vaults_funnel,
          layout_vaults_omnicross, serial_shops, shop

Skill      XL: |  1  2  3  4  5  6  7  8  9 10 11 12 13 14 15 16 17 18 19 |
---------------+----------------------------------------------------------+-----
Axes           | 3 4 5 6 7 9 14 15 17 19 20 21 | 21.2
Fighting       | 4 5 6 7 10 11 13 14 16 17 19 20 | 20.7
Armour         | 7 8 9 11 | 11.3
Shields        | 7 8 11 14 15 17 21 25 | 25.1
Invocations    | 3 7 10 11 12 | 12.3
Throwing       | 4 |  4.8

Action                     |  1- 3 |  4- 6 |  7- 9 | 10-12 | 13-15 | 16-18 | 19-21 || total
---------------------------+-------+-------+-------+-------+-------+-------+-------++-------
  Melee: War axe           |    64 |    48 |    81 |   118 |       |       |       ||   311
         Headbutt          |     6 |     4 |    18 |   104 |   248 |   224 |   168 ||   772
         Broad axe         |       |       |       |   272 |   723 |   799 |   461 ||  2255
         Morningstar       |       |       |       |     4 |    34 |    30 |       ||    68
  Throw: Stone             |       |       |     3 |       |     2 |       |       ||     5
         Dart              |       |       |     6 |       |    20 |       |     3 ||    29
         Boomerang         |       |       |       |     9 |       |       |       ||     9
         Javelin           |       |       |       |       |       |       |     4 ||     4
         Throwing net      |       |       |       |       |       |       |     1 ||     1
 Invoke: Brand Weapon With |       |       |       |       |     1 |       |       ||     1
         Cleansing Flame   |       |       |       |       |       |     2 |     1 ||     3
         Summon Divine War |       |       |       |       |       |     1 |       ||     1
         Donate Gold       |       |       |       |       |       |       |     3 ||     3
         Vitalisation      |       |       |       |       |       |       |     1 ||     1
         Sanctuary         |       |       |       |       |       |       |     1 ||     1
  Evoke: Wand              |       |       |       |    10 |     4 |    59 |       ||    73
    Use: Scroll            |     2 |       |    12 |    16 |     7 |    14 |     4 ||    55
         Potion            |       |     1 |     2 |     7 |    14 |    18 |    12 ||    54
   Stab: Distracted        |     1 |       |       |       |       |       |       ||     1
 Armour: Scale mail        |    12 |       |       |       |       |       |       ||    12
         Plate armour      |    24 |    32 |    46 |   288 |   536 |   548 |   180 ||  1654
         Skin              |       |       |       |     2 |       |    33 |       ||    35
  Dodge: Dodged            |    25 |    13 |    14 |   119 |   226 |   131 |    31 ||   559
  Block: Buckler           |    16 |    12 |     5 |    79 |       |       |       ||   112
         Kite shield       |       |       |       |     8 |   415 |   366 |       ||   789
         Reflection        |       |       |       |       |       |    11 |       ||    11
         Tower shield      |       |       |       |       |       |   428 |   442 ||   870
